 Dungeon Crawl Stone Soup version 0.23-a0-241-g3b46b07 (webtiles) character file.

270 namelastname112 the Skirmisher (level 6, -9/57 HPs)
             Began as a Draconian Wanderer on Sept 26, 2018.
             Killed from afar by an orc wizard (11 damage)
             ... with a magic dart
             ... on level 3 of the Dungeon.
             The game lasted 00:05:25 (2108 turns).

namelastname112 the Skirmisher (Draconian Wanderer) Turns: 2108, Time: 00:05:26

Health: -9/57      AC:  5    Str: 14    XL:     6   Next: 1%
Magic:  7/7        EV: 13    Int: 13    God:
Gold:   146        SH:  0    Dex: 12    Spells: 7/7 levels left

rFire    . . .     SeeInvis .   p - +3 quarterstaff (chaos)
rCold    . . .     Gourm    .   (shield currently unavailable)
rNeg     . . .     Faith    .   (armour unavailable)
rPois    .         Spirit   .   (helmet restricted)
rElec    .         Reflect  .   q - +0 cloak
rCorr    .         Harm     .   (no gloves)
MR       .....                  (no boots)
Stlth    ++........             (no amulet)
HPRegen  0.19/turn              s - -2 ring of protection (curse)
MPRegen  0.10/turn              (no ring)

@: slowed, very slow
A: unfitting armour, cold-blooded, AC +6
a: no special abilities


You were on level 3 of the Dungeon.
You were not hungry.

You visited 1 branch of the dungeon, and saw 3 of its levels.

You collected 146 gold pieces.

Inventory:

Hand Weapons
 b - a +2 blowgun
 p - a +3 quarterstaff of chaos (weapon)
Missiles
 a - 8 curare-tipped needles
 d - 37 bolts
 m - 11 poisoned needles
Armour
 q - a +0 cloak (worn)
Jewellery
 k - an uncursed ring of ice
 s - a cursed -2 ring of protection (left hand)
Wands
 v - a wand of acid (9)
Scrolls
 i - 4 scrolls of identify {unknown}
 j - 5 scrolls of teleportation {unknown}
 n - 2 scrolls of remove curse {unknown}
 o - 2 scrolls of enchant armour {unknown}
 t - 2 scrolls of enchant weapon {unknown}
 u - 3 scrolls of blinking {unknown}
Potions
 c - a potion of heal wounds {unknown}
 g - a potion of haste {unknown}
 h - a potion of berserk rage {unknown}
 l - a potion of mutation {unknown}
Comestibles
 f - 4 rations


   Skills:
 + Level 6.1 Fighting
   Level 1.0 Crossbows
 - Level 1.0 Throwing
 + Level 3.3 Dodging
 + Level 2.4 Stealth
 - Level 1.0 Spellcasting
   Level 2.0 Air Magic


You had 7 spell levels left.
You didn't know any spells.
Your spell library was empty.

Dungeon Overview and Level Annotations

Branches:
Dungeon (3/15)

Altars:
Nemelex Xobeh


Innate Abilities, Weirdness & Mutations

Your plain brown scales are hard. (AC +6)
You cannot fit into any form of body armour.
You are cold-blooded and may be slowed by cold attacks.


Message History

The orc wizard is heavily wounded.
The orc wizard barely misses you. The orc wizard completely misses you.
The orc wizard hits you but does no damage.
You hit the orc wizard.
The orc wizard is almost dead.
You feel less wooden.
Your +0 cloak unmelds from your body.
The orc wizard is no longer moving quickly.
The orc wizard gestures wildly while chanting.
The orc wizard seems to speed up.
The orc wizard gestures at you while chanting.
The magic dart hits you!
* * * LOW HITPOINT WARNING * * *
The orc wizard barely misses you.
You now have 1/57 hp.
You barely miss the orc wizard.
Your tail-slap misses the orc wizard.
The orc wizard is almost dead.
The orc wizard points at you and mumbles some strange words.
The magic dart hits you!
You die...

#.###...#### #...##.# #.........#
#...#### #.........# #...#
##.........# #...#
..........#########<..####
...#....................>
..........>...............
....#####o#...............
....#####@#.#######...#### #
#.......#.## #...# ######.....#
#...# ###############.##.## #...#
# .....#.......##.#### #...####
####.#.#####.##.##########......#
####.#.#####.#..).)†.#...#...##.#
...)............####.#..........#
####.#.#####.#.#####.#...##....)[


You could see an orc wizard.

Vanquished Creatures
  An orc priest (D:3)
  2 orc wizards (D:3)
  Crazy Yiuf (D:2)
  3 gnolls (D:2)
  2 adders
  An ooze (D:3)
  2 worms
  4 dart slugs
  3 leopard geckos
  13 orcs (D:3)
  12 bats
  3 giant cockroaches
  6 goblins
  7 hobgoblins
  3 jackals (D:2)
  A quokka (D:3)
  2 ball pythons
  5 frilled lizards
  2 kobolds (D:1)
  4 rats
77 creatures vanquished.

Notes
Turn   | Place    | Note
-------+----------+-------------------------------------------
     0 | D:1      | namelastname112 the Draconian Wanderer began the quest for
                  | the Orb.
     0 | D:1      | namelastname112 set off with: a curare-tipped needle, a +2
                  | blowgun, a +0 hand crossbow, 30 bolts, a potion of
                  | lignification, a ration
     0 | D:1      | Reached XP level 1. HP: 22/22 MP: 2/2
   178 | D:1      | Reached skill level 1 in Dodging
   178 | D:1      | Reached XP level 2. HP: 28/28 MP: 3/3
   789 | D:1      | Reached skill level 5 in Fighting
   789 | D:1      | Reached XP level 3. HP: 29/36 MP: 4/4
   886 | D:2      | Reached XP level 4. HP: 22/42 MP: 5/5
  1150 | D:2      | Found a runed door.
  1220 | D:2      | Found a sparkling altar of Nemelex Xobeh.
  1578 | D:2      | Noticed Crazy Yiuf
  1585 | D:2      | Killed Crazy Yiuf
  1708 | D:3      | Reached XP level 5. HP: 46/50 MP: 6/6
  1994 | D:3      | Reached skill level 6 in Fighting
  2104 | D:3      | Reached XP level 6. HP: 12/57 MP: 7/7
  2107 | D:3      | HP: 1/57 [orc wizard/magic dart (7)]
  2108 | D:3      | Killed from afar by an orc wizard

Vault maps used:
D:1:      evilmike_arrival_grusome_pit
D:2:      minmay_misc_feat_nine_boxes, interstate_on_off,
          nemelex_spade_bored_becter, uniq_crazy_yiuf_cottage
D:3:      minmay_wonky_spiral, gup_sewer_entry_spiral

Skill      XL: |  1  2  3  4  5 |
---------------+----------------+-----
Dodging        | 1 2 3 |  3.3
Fighting       | 5 6 |  6.1
Stealth        | 2 |  2.4
Crossbows      | |  1.0
Throwing       | |  1.0
Spellcasting   | |  1.0
Air Magic      | |  2.0

Action                   |  1- 3 |  4- 6 || total
-------------------------+-------+-------++-------
Melee: Whip              |    61 |    47 ||   108
       Short sword       |     8 |       ||     8
       Tailslap          |     3 |    12 ||    15
       Quarterstaff      |       |    82 ||    82
 Fire: Hand crossbow     |    31 |       ||    31
       Blowgun           |       |     1 ||     1
  Use: Potion            |       |     1 ||     1
 Stab: Sleeping          |     1 |     4 ||     5
  Eat: Chunk             |       |     4 ||     4
Armor: Skin              |    19 |    50 ||    69
Dodge: Dodged            |    61 |   103 ||   164

Table legend:
 A = Non-vault XP
 B = Vault XP
 C = Vault XP percentage of total XP
 D = Non-vault monster count
 E = Vault monster count
 F = Vault count percentage of total count
                 A         B        C        D         E       F
            +---------+---------+-------+---------+---------+-------
      Total |     348 |      39 |  10.1 |      76 |       1 |   1.3
            +---------+---------+-------+---------+---------+-------
        D:1 |      43 |       0 |   0.0 |      20 |       0 |   0.0
        D:2 |      95 |      39 |  29.1 |      25 |       1 |   3.8
        D:3 |     210 |       0 |   0.0 |      31 |       0 |   0.0
            +---------+---------+-------+---------+---------+-------
